[Event "Titled Tuesday Blitz January 10 Late 2023"]
[White "Musovic, Armin"]
[Black "Goryachkina, Aleksandra"]
[WhiteFideId "939935"]
[BlackFideId "4147103"]
[WhiteElo "2261"]
[BlackElo "2571"]
[Result "0-1"]
[Round "05"]
[TimeControl "180+2"]
[Date "2023.01.10"]
[WhiteClock "0:00:27"]
[BlackClock "0:00:07"]

1. a3 c5 2. Nc3 Nc6 3. e4 e6 4. Bc4 Nf6 5. d3 d5 6. exd5 exd5 7. Ba2 Be7 8. Nge2 O-O 9. O-O d4 10. Ne4 Nxe4 11. dxe4 Be6 12. Bxe6 fxe6 13. Nf4 Qd7 14. Qg4 Bd6 15. Nh5 Ne5 16. Qh3 c4 17. f4 Ng6 18. f5 exf5 19. exf5 d3 20. cxd3 Bc5+ 21. Kh1 cxd3 22. Bg5 Ne5 23. Rad1 Bd4 24. f6 Qxh3 25. gxh3 gxf6 26. Bxf6 Rac8 27. Rf4 Bxb2 28. Rg1+ Ng6 29. Bxb2 Rc2 30. Rb4 d2 31. Rxb7 Rf7 32. Rb8+ Rf8 33. Nf6+ Kf7 34. Rb7+ Ke6 35. Nxh7 Rf2 36. Rxg6+ Kd5 37. Rg5+ Kc4 38. Rc7+ Kb3 39. Rb7+ Ka2 40. Rg1 Rxh2+ 41. Kxh2 d1=Q+ 42. Rg2 Rxg2+ 43. Kxg2 Qd5+ 44. Kg3 Qxb7 45. Bf6 Qxh7 46. h4 Qg6+ 47. Bg5 Kxa3 48. Kg4 Qe6+ 49. Kf4 Qf7+ 50. Kg4 Qc4+ 51. Kf5 Qe2 52. Kg6 Qd3+ 53. Kg7 Qd1 54. Kg6 Qc2+ 55. Kg7 Qc7+ 56. Kg6 Qc6+ 57. Kg7 Qd7+ 58. Kg6 Qe8+ 59. Kh6 a5 60. h5 a4 61. Bf6 Kb3 62. Kg5 Qg8+ 63. Kf5 Qf8 64. Kg6 a3 65. h6 a2 66. Bg7 Qe8+ 67. Kh7 Qf7 68. Kh8 Qxg7+ 69. Kxg7 a1=Q+ 70. Kg8 Qa8+ 71. Kg7 Qb7+ 72. Kg8 Qc8+ 73. Kg7 Qd7+ 74. Kg8 Qe8+ 75. Kg7 Qe7+ 76. Kg8 Qe6+ 77. Kg7 Qg4+ 78. Kf6 Qh5 79. Kg7 Qg5+ 80. Kh7 Kc4 0-1


[Site "https://www.chess.com"]

[Event "Titled Tuesday Blitz January 10 Late 2023"]
[White "Domingo Nunez, Ruben"]
[Black "TheKnightOfBosnia"]
[WhiteFideId "22245570"]
[WhiteElo "2416"]
[BlackElo "2537"]
[Result "1-0"]
[Round "05"]
[TimeControl "180+2"]
[Date "2023.01.10"]
[WhiteClock "0:00:44"]
[BlackClock "0:00:04"]

1. c4 Nf6 2. b3 g6 3. Bb2 Bg7 4. Nf3 O-O 5. g3 b6 6. Bg2 Bb7 7. O-O e6 8. d4 d5 9. Ne5 Nbd7 10. Nc3 Qe7 11. Nb5 Nxe5 12. dxe5 Ne4 13. Bxe4 dxe4 14. Ba3 c5 15. Bb2 Rfd8 16. Qc1 Bc6 17. Qf4 Bxb5 18. cxb5 Rd5 19. Qxe4 Rad8 20. Bc3 Qc7 21. f4 Qd7 22. a4 h5 23. h4 Bf8 24. Qc2 Qb7 25. Rad1 Rxd1 26. Rxd1 Rd5 27. Kf2 Qd7 28. Rd3 Qb7 29. e4 Rd7 30. Qd2 Rc7 31. Kf3 c4 32. Rd8 Kg7 33. Bb4 Bxb4 34. Qxb4 Rc5 35. bxc4 Qc7 36. Rd4 Kg8 37. Ke3 Kg7 38. Kd3 Kh7 39. Kc3 Kg7 40. Kb3 Kh7 41. Qd2 Kg7 42. Rd7 Qc8 43. Rd4 Qc7 44. Qd3 Qc8 45. Rd6 Qc7 46. Rd7 Qc8 47. Rxa7 Qb8 48. Qd7 Qf8 49. Qxe6 Kg8 50. Qxb6 Qc8 51. Qa6 Qd8 52. Ra8 1-0


[Site "https://www.chess.com"]

[Event "Titled Tuesday Blitz January 10 Late 2023"]
[White "Skvortsov, Andrei"]
[Black "gshwbedhkhd"]
[WhiteFideId "24108600"]
[WhiteElo "2313"]
[BlackElo "2527"]
[Result "1-0"]
[Round "05"]
[TimeControl "180+2"]
[Date "2023.01.10"]
[WhiteClock "0:00:09"]
[BlackClock "0:00:03"]

1. d4 f5 2. g3 Nf6 3. Bg2 g6 4. Nd2 Bg7 5. e4 fxe4 6. Nxe4 Nxe4 7. Bxe4 O-O 8. Ne2 c6 9. O-O d5 10. Bg2 e5 11. dxe5 Bxe5 12. c3 Bg4 13. f3 Bf5 14. Bf4 Nd7 15. Qd2 Bg7 16. Nd4 Nb6 17. Nxf5 Rxf5 18. Bh3 Nc4 19. Qf2 Rf8 20. Rae1 Qb6 21. b3 Qxf2+ 22. Rxf2 Nb6 23. Bd2 Rae8 24. Rxe8 Rxe8 25. Kf1 Kf7 26. Re2 Rxe2 27. Kxe2 Bf6 28. Kd3 Ke7 29. a4 Nd7 30. f4 Nc5+ 31. Kc2 Ne4 32. Be1 Kd6 33. Bg2 Nc5 34. Bf2 b6 35. g4 Ne6 36. Bg3 Ke7 37. f5 gxf5 38. gxf5 Ng7 39. Bb8 Nxf5 40. Bh3 Nd6 41. Bxa7 d4 42. Bxb6 dxc3 43. a5 Nb5 44. Bc5+ Kd8 45. Kd3 Kc7 46. Bg2 Kb7 47. Be4 h5 48. Bf3 h4 49. h3 Ka6 50. Bxc6 Kxa5 51. Bd7 Nc7 52. Kc2 Ka6 53. Bf5 Nd5 54. Be4 Nf4 55. Bf5 Kb5 56. Be3 Nd5 57. Kd3 Nb4+ 58. Ke2 Kc6 59. Be4+ Kd6 60. Bf4+ Be5 61. Be3 Nd5 62. Bxd5 Kxd5 63. Kd3 Kc6 64. Bf2 Kb5 65. Bxh4 Kb4 66. Kc2 Bd4 67. Be1 Bg7 68. h4 Bh8 69. h5 Bf6 70. h6 Bh8 71. h7 Bf6 72. Bg3 Bh8 73. Bd6+ Kb5 74. Kd3 Kc6 75. Bf4 Kb5 76. Kc2 Kb4 77. Be3 Kb5 78. Kb1 Ka5 79. Ka2 Kb4 80. Bf4 c2 81. Bd2+ Kc5 82. b4+ Kc4 83. Ka3 Bg7 84. Ka4 Bh8 85. Bc1 Kd3 86. b5 Ke2 87. b6 Kd1 88. Bg5 Bf6 89. Bh6 Bg7 90. Bf4 Be5 91. Bxe5 c1=Q 92. h8=Q Qc2+ 93. Kb5 Qb3+ 94. Kc6 Qc4+ 95. Kd7 Qd5+ 96. Kc7 Qc5+ 97. Kb7 Qd5+ 98. Kb8 Qe6 99. Bc7 1-0


[Site "https://www.chess.com"]

[Event "Titled Tuesday Blitz January 10 Late 2023"]
[White "Jimenez Almeida, Luis David"]
[Black "Baskin, Robert"]
[WhiteFideId "22242244"]
[BlackFideId "24662402"]
[WhiteElo "2242"]
[BlackElo "2442"]
[Result "1/2-1/2"]
[Round "05"]
[TimeControl "180+2"]
[Date "2023.01.10"]
[WhiteClock "0:00:06"]
[BlackClock "0:00:28"]

1. e4 Nc6 2. d4 d6 3. Nc3 Nf6 4. Nf3 g6 5. Bc4 Bg7 6. d5 Nb8 7. h3 O-O 8. Be3 c6 9. a4 a5 10. Qd2 Na6 11. O-O Nb4 12. Rfe1 Bd7 13. Bb3 Rc8 14. Rad1 Re8 15. dxc6 bxc6 16. e5 Nfd5 17. Nxd5 Nxd5 18. exd6 e5 19. Bc5 Qf6 20. Qg5 e4 21. Qxf6 Bxf6 22. Nd4 Re5 23. Ba3 c5 24. Bxd5 Rxd5 25. Nb5 Rxd1 26. Rxd1 Rb8 27. Bxc5 Bxb2 28. c3 f5 29. Rb1 Bxc3 30. Nxc3 Rxb1+ 31. Nxb1 Bxa4 32. Bb6 Bd7 33. Bxa5 Kf7 34. Nc3 Ke6 35. Bb4 Ke5 36. Bc5 f4 37. Kf1 g5 38. Ke1 h5 39. Kd2 h4 40. Bb6 g4 41. hxg4 f3 42. gxf3 exf3 43. Bd8 h3 44. Bh4 Kxd6 45. Bg3+ Kc5 46. g5 Kc4 47. Ne4 Kd4 48. Nf6 Bf5 49. Ke1 Bd3 50. Ng4 Kd5 51. Nh2 Be4 52. Kd2 Ke6 53. Ke3 Kf5 54. Nxf3 Bb7 55. Bf4 Bd5 56. Nh2 Bb7 57. Nf3 Bd5 58. Nh4+ Kg4 59. Bg3 h2 60. Bxh2 Kxh4 61. f4 Kg4 62. Bg1 Kf5 63. Bf2 Bf7 64. Be1 Bg6 65. Bd2 Bf7 66. Kd4 Bg6 67. Kd5 Bh5 68. Kd6 Bg6 69. Ke7 Bh5 70. Kf8 Bg6 71. Kg7 Bh5 72. Kh6 Be8 73. Be3 Bg6 74. Bd4 Be8 75. Be5 Bg6 76. Kg7 Be8 77. Kf8 Bh5 78. Ke7 Bg6 79. Kd6 Bh5 80. Ke7 Bg6 81. Kd6 Bh5 82. Ke7 1/2-1/2


[Site "https://www.chess.com"]

[Event "Titled Tuesday Blitz January 10 Late 2023"]
[White "Vlassov, Nikolai"]
[Black "Arencibia Monduy, Antonio"]
[WhiteFideId "4103360"]
[BlackFideId "3507939"]
[WhiteElo "2283"]
[BlackElo "2122"]
[Result "1-0"]
[Round "05"]
[TimeControl "180+2"]
[Date "2023.01.10"]
[WhiteClock "0:00:05"]
[BlackClock "0:00:06"]

1. e4 d6 2. f4 c6 3. Nf3 Qc7 4. Nc3 e5 5. d4 Bg4 6. Bc4 Nf6 7. dxe5 dxe5 8. fxe5 Bxf3 9. Qxf3 Qxe5 10. Bf4 Qd4 11. Bb3 Bb4 12. Bd2 Bxc3 13. Bxc3 Qxe4+ 14. Qxe4+ Nxe4 15. Bxg7 Rg8 16. Bd4 Rxg2 17. O-O-O f5 18. Be6 Nf2 19. Rd2 Ke7 20. Bxf5 Nxh1 21. Rxg2 Na6 22. Rg1 Rf8 23. Bxh7 Nf2 24. Rg7+ Kd6 25. Rxb7 Ng4 26. Bd3 Nc5 27. Bxc5+ Kxc5 28. h4 Rh8 29. Rh7 Re8 30. Rxa7 Re1+ 31. Kd2 Rh1 32. h5 Rh2+ 33. Kc3 Ne3 34. Ra5+ Kb6 35. Rg5 Nd5+ 36. Kb3 Nf4 37. Bg6 Rh3+ 38. c3 Ne2 39. a4 Rh2 40. a5+ Kc7 41. Kc4 Nf4 42. b4 Nd5 43. Rxd5 cxd5+ 44. Kxd5 Rg2 45. c4 Rg5+ 46. Ke6 Rg4 47. b5 Rxc4 48. b6+ Kb7 49. h6 Rh4 50. h7 Ka6 51. Kd5 Rh6 52. Kc5 1-0


[Site "https://www.chess.com"]

[Event "Titled Tuesday Blitz January 10 Late 2023"]
[White "Carbone, Diego"]
[Black "Jaferian, Koosha"]
[WhiteFideId "3002179"]
[BlackFideId "12507440"]
[WhiteElo "2336"]
[BlackElo "2233"]
[Result "0-1"]
[Round "05"]
[TimeControl "180+2"]
[Date "2023.01.10"]
[WhiteClock "0:00:02"]
[BlackClock "0:00:36"]

1. d4 Nf6 2. c4 e6 3. g3 d5 4. Nf3 Bb4+ 5. Bd2 Be7 6. Bg2 O-O 7. O-O c6 8. Qc2 b6 9. Bf4 Ba6 10. Nbd2 Nbd7 11. Ne5 Rc8 12. Rfd1 Nxe5 13. dxe5 Nd7 14. h4 Qc7 15. Rac1 Qb8 16. Qc3 Rfd8 17. b3 Bb7 18. e4 d4 19. Qxd4 Nc5 20. Qe3 Nd3 21. Rc2 Bc5 22. Qe2 Nxf2 23. Rf1 Nd3+ 24. Kh2 Qc7 25. Nf3 h6 26. Rd1 Nxf4 27. gxf4 Qe7 28. Kg3 Rxd1 29. Qxd1 Rd8 30. Rd2 Rxd2 31. Qxd2 b5 32. Bf1 b4 33. Qd3 a5 34. Bh3 Bb6 35. Nd4 Qd8 0-1


[Site "https://www.chess.com"]

[Event "Titled Tuesday Blitz January 10 Late 2023"]
[White "Boder, Jan"]
[Black "Haydon, David L"]
[WhiteFideId "16243226"]
[BlackFideId "415405"]
[WhiteElo "2294"]
[BlackElo "2253"]
[Result "0-1"]
[Round "05"]
[TimeControl "180+2"]
[Date "2023.01.10"]
[WhiteClock "0:00:01"]
[BlackClock "0:00:45"]

1. c4 e5 2. g3 Nf6 3. Bg2 d5 4. cxd5 Nxd5 5. Nc3 Nb6 6. Nf3 Nc6 7. O-O Be7 8. Rb1 O-O 9. b4 f6 10. b5 Nd4 11. a4 a5 12. Nxd4 exd4 13. Qb3+ Kh8 14. Nd1 Qd6 15. d3 Be6 16. Qc2 Bd5 17. Bf4 Qe6 18. Nb2 Bxg2 19. Kxg2 Nd5 20. Bd2 Bb4 21. Nc4 Qxe2 22. Rbe1 Qg4 23. Re4 Qd7 24. Rxd4 c6 25. bxc6 Qxc6 26. f3 Rac8 27. Re1 Rfe8 28. Ree4 f5 29. Rxe8+ Rxe8 30. Bxb4 axb4 31. Qf2 Qc5 32. Rh4 Qc6 33. Rd4 Nc3 34. Rd6 Qxa4 35. Kh3 Qd1 36. Qd4 Qf1+ 37. Kh4 Qg2 38. Rd8 Qxh2+ 39. Kg5 Qh6+ 40. Kxf5 Qe6+ 41. Kf4 Ne2+ 42. Kg5 h6+ 0-1


[Site "https://www.chess.com"]

[Event "Titled Tuesday Blitz January 10 Late 2023"]
[White "Ruperez Benito, Antonio"]
[Black "Pakleza, Zbigniew"]
[WhiteFideId "22245049"]
[BlackFideId "1119290"]
[WhiteElo "2307"]
[BlackElo "2494"]
[Result "0-1"]
[Round "05"]
[TimeControl "180+2"]
[Date "2023.01.10"]
[WhiteClock "0:00:41"]
[BlackClock "0:00:02"]

1. e4 d6 2. d4 Nf6 3. Nc3 c6 4. Nf3 Bg4 5. h3 Bh5 6. g4 Bg6 7. e5 Nd5 8. Bc4 e6 9. h4 h5 10. Ng5 dxe5 11. dxe5 Nxc3 12. Qxd8+ Kxd8 13. bxc3 hxg4 14. Bf4 Nd7 15. O-O-O Kc7 16. Bd3 Ba3+ 17. Kb1 Bh5 18. Be4 Rad8 19. Rd3 Nc5 20. Rg3 Nxe4 21. Nxe4 Be7 22. Bg5 Bxg5 23. hxg5 Bg6 24. Rxh8 Rxh8 25. Rxg4 Rh2 26. f3 Bf5 27. Rf4 Rg2 28. Kb2 g6 29. a4 b6 30. a5 bxa5 31. Kb3 Kb6 32. Nd6 Bxc2+ 33. Ka3 Bf5 34. Nxf7 Kc5 35. Nd6 Rxg5 36. Rc4+ Kd5 37. Rd4+ Kc5 38. Rc4+ Kb6 39. Nc8+ Kc7 40. Ne7 Rg3 41. Nxc6 Kb6 42. Nd4 Bd3 43. Rc6+ Kb7 44. Rxe6 g5 45. Re7+ Kc8 46. e6 g4 47. fxg4 Bc4 48. Rg7 Rxc3+ 49. Kb2 Re3 50. e7 Kd7 51. Nf5 Re2+ 52. Kc3 Bb5 53. Rh7 a4 54. Rh8 a3 55. Rd8+ Kc7 56. Rd1 a2 57. Ra1 Bd7 58. Nd4 Rg2 59. Rxa2 Rxa2 0-1


[Site "https://www.chess.com"]

[Event "Titled Tuesday Blitz January 10 Late 2023"]
[White "Fernandez Garcia, Gumersindo"]
[Black "Mahdavi, Reza"]
[WhiteFideId "24516740"]
[BlackFideId "12595926"]
[WhiteElo "2160"]
[BlackElo "2339"]
[Result "0-1"]
[Round "05"]
[TimeControl "180+2"]
[Date "2023.01.10"]
[WhiteClock "0:00:49"]
[BlackClock "0:01:35"]

1. d4 g6 2. c4 Bg7 3. Nc3 d6 4. e4 Nf6 5. Be2 O-O 6. Be3 Nc6 7. d5 Ne5 8. f4 Neg4 9. Bd4 c5 10. dxc6 bxc6 11. Nf3 c5 12. Bg1 Rb8 13. h3 Nh6 14. Qd2 Bb7 15. Bd3 Ba8 16. g4 Nxe4 17. Bxe4 Bxc3 18. Qxc3 Bxe4 19. Rh2 f5 20. g5 Nf7 21. h4 Qb6 22. O-O-O Qb4 23. Qxb4 Rxb4 24. b3 Bxf3 0-1


[Site "https://www.chess.com"]

[Event "Titled Tuesday Blitz January 10 Late 2023"]
[White "reevecanada"]
[Black "Maksimovic, Bojan"]
[BlackFideId "14408120"]
[WhiteElo "2497"]
[BlackElo "2486"]
[Result "1-0"]
[Round "05"]
[TimeControl "180+2"]
[Date "2023.01.10"]
[WhiteClock "0:01:30"]
[BlackClock "0:00:06"]

1. e4 g6 2. d4 Nf6 3. Bd3 c5 4. e5 Nd5 5. c4 Nc7 6. d5 e6 7. d6 Nca6 8. h4 Nc6 9. Nf3 Bg7 10. Qe2 Nab4 11. Bf4 Nxd3+ 12. Qxd3 h6 13. Nc3 b6 14. Ne4 Bb7 15. Qe2 a5 16. h5 g5 17. Nexg5 hxg5 18. Bxg5 Nd4 19. Qd2 Nxf3+ 20. gxf3 Qc8 21. Qe3 Qc6 22. h6 Bf8 23. Rh3 f5 24. Bf6 Rh7 25. Qg5 Qa4 26. Qg6+ Rf7 27. h7 Qb4+ 28. Kf1 Qxc4+ 29. Kg1 Bxf3 30. Rxf3 Qe4 31. Rh3 f4 32. Qxe4 1-0


[Site "https://www.chess.com"]

[Event "Titled Tuesday Blitz January 10 Late 2023"]
[White "Karacsonyi, Gellert"]
[Black "Khandelwal, Ankush"]
[WhiteFideId "764620"]
[BlackFideId "413470"]
[WhiteElo "2385"]
[BlackElo "2205"]
[Result "1-0"]
[Round "05"]
[TimeControl "180+2"]
[Date "2023.01.10"]
[WhiteClock "0:01:14"]
[BlackClock "0:00:16"]

1. e4 c5 2. Nf3 d6 3. d4 cxd4 4. Nxd4 Nf6 5. Nc3 a6 6. Bc4 e6 7. O-O b5 8. Bb3 Be7 9. Qf3 Qb6 10. Be3 Qb7 11. Qg3 b4 12. Na4 Nbd7 13. f3 O-O 14. a3 a5 15. Qf2 Nc5 16. axb4 Nxb3 17. Nxb3 axb4 18. Nb6 Rxa1 19. Rxa1 d5 20. e5 Nd7 21. f4 Nxb6 22. Bxb6 Bd7 23. Ra7 Qc6 24. Bc5 Bxc5 25. Qxc5 Rc8 26. Qxc6 Bxc6 27. Nd4 g5 28. fxg5 Kg7 29. h4 Kg6 30. Ra6 Bb7 31. Rb6 Rc4 32. Nf3 Bc6 33. Kh2 Kf5 34. Rxc6 Rxc6 35. Nd4+ Kxe5 36. Nxc6+ Ke4 37. Nxb4 Ke3 38. Nc6 Kd2 39. b4 Kxc2 40. b5 1-0


[Site "https://www.chess.com"]

[Event "Titled Tuesday Blitz January 10 Late 2023"]
[White "Gubajdullin, Alexei"]
[Black "Pein, Jonathan"]
[WhiteFideId "4141202"]
[BlackFideId "417092"]
[WhiteElo "2285"]
[BlackElo "2265"]
[Result "0-1"]
[Round "05"]
[TimeControl "180+2"]
[Date "2023.01.10"]
[WhiteClock "0:00:22"]
[BlackClock "0:00:21"]

1. d4 Nf6 2. Nf3 g6 3. Bf4 Bg7 4. e3 O-O 5. Be2 Nh5 6. Bg5 h6 7. Bh4 d6 8. O-O g5 9. Nfd2 gxh4 10. Bxh5 e5 11. c3 Qg5 12. Ne4 Qe7 13. dxe5 Qxe5 14. Ned2 h3 15. g3 Nc6 16. Bg4 Qd5 17. e4 Qg5 18. Bxc8 Raxc8 19. Na3 Rfe8 20. Nac4 d5 21. f4 Qd8 22. Ne3 dxe4 23. Rf2 Qd3 24. Qg4 Qxe3 25. Nf1 Qc5 26. f5 e3 27. Re2 Ne5 28. Qxh3 Nf3+ 29. Kh1 Ng5 30. Qg2 Qxf5 31. Nxe3 Qe4 32. Rae1 c6 33. Nf5 Qxg2+ 34. Kxg2 Rxe2+ 35. Rxe2 Rc7 36. Re8+ Kh7 37. h4 Ne6 38. Nd6 Rd7 39. Nxf7 Nc7 40. Ne5 Rd2+ 41. Kf3 Nxe8 42. Nc4 Rd3+ 43. Ke4 Rd7 44. g4 Nd6+ 45. Nxd6 Rxd6 46. g5 hxg5 47. hxg5 Kg6 48. Kf4 Rd2 49. Kg4 Bxc3 50. a4 Rxb2 51. a5 Bxa5 52. Kf4 Rb5 53. Ke3 Kxg5 54. Kd3 Bc7 55. Kc4 Bb8 56. Kd3 Rb4 57. Kc3 a5 58. Kd3 Kf5 59. Kc3 Ke5 60. Kd3 Kd5 61. Kc3 Kc5 62. Kd3 a4 63. Kc3 a3 64. Kd3 a2 65. Ke3 a1=Q 66. Kd3 Qa3+ 67. Kc2 Rb2+ 68. Kc1 Qa1# 0-1


[Site "https://www.chess.com"]

[Event "Titled Tuesday Blitz January 10 Late 2023"]
[White "Suvorov, Luca"]
[Black "Mikhailov, Viacheslav"]
[WhiteFideId "12977071"]
[BlackFideId "4187369"]
[WhiteElo "2310"]
[BlackElo "2428"]
[Result "1/2-1/2"]
[Round "05"]
[TimeControl "180+2"]
[Date "2023.01.10"]
[WhiteClock "0:00:05"]
[BlackClock "0:00:04"]

1. d4 c5 2. d5 e5 3. Nc3 d6 4. Nf3 a6 5. a4 Be7 6. e4 Bg4 7. h4 Bxh4 8. Qd2 Bxf3 9. gxf3 Bf6 10. a5 Ne7 11. Bh3 Ng6 12. Na4 Nf4 13. Nb6 Ra7 14. b4 Nxh3 15. Rxh3 Nd7 16. Nc4 O-O 17. Nxd6 cxb4 18. Qxb4 Be7 19. Ba3 Nf6 20. Qb6 Ra8 21. Qxd8 Rfxd8 22. Nc4 Bxa3 23. Rxa3 Rac8 24. Ra4 Rc5 25. Kd2 Rdc8 26. Kd3 g6 27. Rh1 Nh5 28. Nxe5 Rxc2 29. Kd4 Rxf2 30. Rd1 f6 31. Nd3 Rxf3 32. Rb4 Ng3 33. d6 Rd8 34. Kd5 Ne2 35. Ke6 Rxd3 36. Rxd3 Nf4+ 37. Ke7 Nxd3 38. Rxb7 Nc5 39. Rc7 Rxd6 40. Kxd6 Nxe4+ 41. Kd5 f5 42. Rc8+ Kf7 43. Ke5 Ke7 44. Ra8 Kd7 45. Rxa6 Nc5 46. Ra7+ Kc6 47. Rxh7 Kb5 48. Rg7 Kxa5 49. Rxg6 Kb4 50. Kxf5 Kc4 51. Rg4+ Kd5 52. Rg1 Ne6 53. Rd1+ Nd4+ 54. Kf4 Kc4 55. Ke4 Nb3 56. Rd8 Nc5+ 57. Ke5 Nd3+ 58. Ke4 Nc5+ 59. Ke3 Ne6 60. Rc8+ Kd5 61. Ra8 Nc5 62. Ra5 Kc4 63. Ra1 Nb3 64. Ra8 Nc5 65. Rd8 Nb3 66. Rd7 Nc5 67. Rd4+ Kb5 68. Rh4 Ne6 69. Kd3 Nc5+ 70. Kc3 Na4+ 71. Kd4 Kb4 72. Rh8 Nb6 73. Rb8 Kb5 74. Rb7 Kc6 75. Rg7 Kb5 76. Rg5+ Kc6 77. Rc5+ Kd6 78. Rg5 Kc6 79. Rg6+ Kb5 80. Rf6 Nc4 81. Rf5+ Kb4 82. Rf8 Nb6 83. Re8 Kb5 84. Re7 Kc6 85. Re6+ Kb5 86. Rf6 Na4 87. Rf5+ Kb4 88. Rf4 Kb5 89. Kd5 Nb6+ 90. Kd6 Nc4+ 91. Kc7 Ne3 92. Re4 Nd5+ 93. Kd6 Nb4 94. Rd4 Na6 95. Kd5 Nb4+ 96. Kd6 Na6 97. Re4 Nb4 98. Re5+ Kb6 99. Rc5 Na6 100. Rc6+ 1/2-1/2


[Site "https://www.chess.com"]

[Event "Titled Tuesday Blitz January 10 Late 2023"]
[White "Barp, Alberto"]
[Black "Bambino Filho, Antonio Carlos"]
[WhiteFideId "872555"]
[BlackFideId "2113163"]
[WhiteElo "2432"]
[BlackElo "2144"]
[Result "1/2-1/2"]
[Round "05"]
[TimeControl "180+2"]
[Date "2023.01.10"]
[WhiteClock "0:00:24"]
[BlackClock "0:00:05"]

1. c4 c5 2. e3 Nf6 3. Nc3 d5 4. cxd5 Nxd5 5. Nf3 Nc6 6. d4 cxd4 7. exd4 e6 8. Bd3 Be7 9. O-O O-O 10. Qe2 Bf6 11. Rd1 g6 12. Bh6 Re8 13. Be4 Nce7 14. Qd2 Bd7 15. Bg5 Bxg5 16. Qxg5 Nxc3 17. bxc3 Nf5 18. Bxb7 Rb8 19. Be4 Qxg5 20. Nxg5 Nd6 21. Bd3 Bc6 22. f3 Bd5 23. Rd2 f5 24. h4 Rec8 25. Rc1 Rb4 26. Rdc2 Ra4 27. Re1 Rxa2 28. Rxa2 Bxa2 29. Ra1 Rxc3 30. Rxa2 Rxd3 31. Rxa7 Rxd4 32. Nxe6 Rd1+ 33. Kh2 Re1 34. Ra8+ Kf7 35. Ng5+ Ke7 36. Ra7+ Kd8 37. Rxh7 Nc4 38. Rg7 Ne3 39. Rxg6 Re2 40. Ne6+ Ke7 41. Nf4 Re1 42. Re6+ Kf7 43. Rxe3 Rxe3 44. Kg3 Ra3 45. Nh3 Kf6 46. Nf4 Ke5 47. h5 Ra4 48. h6 Kf6 49. Nh5+ Kg6 50. Ng7 f4+ 51. Kg4 Kxh6 52. Ne6 Kg6 53. Nxf4+ Kf6 54. g3 Ke5 55. Kg5 Ra3 56. Ng6+ Ke6 57. Kg4 Kf7 58. Nh4 Ra4+ 59. f4 Kf6 60. Ng2 Ra3 61. Ne1 Re3 62. Nf3 Ra3 63. Ng5 Kg6 64. f5+ Kf6 65. Kf4 Ra4+ 66. Ne4+ Kf7 67. g4 Kg7 68. g5 Kf7 69. g6+ Kg7 70. Ke5 Ra5+ 71. Ke6 Ra6+ 72. Nd6 Rb6 73. Ke7 Ra6 74. f6+ Kxg6 75. f7 Ra7+ 76. Ke6 Rxf7 77. Nxf7 1/2-1/2


[Site "https://www.chess.com"]

[Event "Titled Tuesday Blitz January 10 Late 2023"]
[White "Carnicelli, Valerio"]
[Black "Wu, Brandon"]
[WhiteFideId "856185"]
[BlackFideId "30909228"]
[WhiteElo "2370"]
[BlackElo "2123"]
[Result "0-1"]
[Round "05"]
[TimeControl "180+2"]
[Date "2023.01.10"]
[WhiteClock "0:00:02"]
[BlackClock "0:00:05"]

1. b3 Nf6 2. Bb2 d5 3. Nf3 c5 4. e3 g6 5. Bb5+ Bd7 6. Bxf6 exf6 7. Bxd7+ Nxd7 8. d4 Qa5+ 9. Qd2 Qc7 10. O-O c4 11. Nc3 Qc6 12. e4 dxe4 13. d5 Qa6 14. Nxe4 O-O-O 15. Rfe1 Ne5 16. Nxe5 fxe5 17. Qc3 Rxd5 18. bxc4 Rd4 19. Rad1 Qxc4 20. Qh3+ f5 21. Ng5 Bb4 22. c3 Rxd1 23. Rxd1 Qe2 24. Qf3 Qxf3 25. Nxf3 Bc5 26. Rd5 Bb6 27. Nxe5 Re8 28. Kf1 Bc7 29. f4 g5 30. g3 gxf4 31. gxf4 Re7 32. Kf2 Rg7 33. Nd3 Bb6+ 34. Kf3 Rd7 35. Nb4 Rc7 36. Rxf5 Rxc3+ 37. Kg4 Bc5 38. Nd5 Rc2 39. Rh5 Rxa2 40. Nc3 Rg2+ 41. Kf5 Bd4 42. Nb5 Bb6 43. Rxh7 Rd2 44. Ke4 a6 45. Nc3 a5 46. Nd5 Bd8 47. Rh8 a4 48. Nb6+ Kc7 49. Nxa4 Re2+ 50. Kf5 b5 51. Rh7+ Kc6 52. Rh6+ Kb7 53. Nc3 Rb2 54. Nd5 b4 55. Rh8 Kc8 56. Ke6 b3 57. f5 Re2+ 58. Kf7 b2 59. Nb6+ Kb7 0-1


[Site "https://www.chess.com"]

[Event "Titled Tuesday Blitz January 10 Late 2023"]
[White "Ezat, Mohamed"]
[Black "Solon, Nathan"]
[WhiteFideId "10600906"]
[BlackFideId "2017229"]
[WhiteElo "2402"]
[BlackElo "2306"]
[Result "1-0"]
[Round "05"]
[TimeControl "180+2"]
[Date "2023.01.10"]
[WhiteClock "0:00:32"]
[BlackClock "0:00:35"]

1. d4 Nf6 2. c4 c5 3. d5 b5 4. cxb5 a6 5. Nc3 axb5 6. e4 b4 7. Nb5 d6 8. Bf4 g5 9. Bxg5 Nxe4 10. Bf4 Nf6 11. Bd3 Bg7 12. Nf3 Nxd5 13. Bc1 Nf6 14. O-O O-O 15. Nh4 Nc6 16. Nf5 Bxf5 17. Bxf5 Ra5 18. Bd3 Ne5 19. Be2 Qb6 20. a4 bxa3 21. Nxa3 Rb8 22. f4 Nc6 23. Nc4 Rxa1 24. Nxb6 Rxb6 25. Bc4 Nd4 26. Qe1 d5 27. Qxe7 dxc4 28. Qd8+ Bf8 29. Qxb6 Ne4 30. Re1 Rxc1 31. Rxc1 Ne2+ 32. Kf1 Nxc1 33. Qc6 Nd3 34. Qxe4 1-0


[Site "https://www.chess.com"]

[Event "Titled Tuesday Blitz January 10 Late 2023"]
[White "Malka, Samuel"]
[Black "Rostomyan, Mikayel"]
[WhiteFideId "20643675"]
[BlackFideId "13313754"]
[WhiteElo "2165"]
[BlackElo "2222"]
[Result "0-1"]
[Round "05"]
[TimeControl "180+2"]
[Date "2023.01.10"]
[WhiteClock "0:00:10"]
[BlackClock "0:00:43"]

1. d4 Nf6 2. c4 c5 3. d5 b5 4. cxb5 a6 5. e3 axb5 6. Bxb5 Qa5+ 7. Nc3 Bb7 8. Bc4 e6 9. dxe6 Bxg2 10. exf7+ Kd8 11. Bd2 Bxh1 12. f3 Qc7 13. Qe2 Nc6 14. O-O-O Nb4 15. e4 d5 16. exd5 Qxf7 17. Nh3 Qg6 18. Bg5 Bxf3 19. Qd2 Bxd1 20. Nxd1 Nxa2+ 21. Bxa2 Rxa2 22. Qc3 Ra1+ 23. Kd2 Be7 24. Ne3 Ne4+ 0-1


[Site "https://www.chess.com"]

[Event "Titled Tuesday Blitz January 10 Late 2023"]
[White "Hsu, Li Yang"]
[Black "Herman, Daniel"]
[WhiteFideId "5800080"]
[BlackFideId "30935008"]
[WhiteElo "2427"]
[BlackElo "1956"]
[Result "1/2-1/2"]
[Round "05"]
[TimeControl "180+2"]
[Date "2023.01.10"]
[WhiteClock "0:00:07"]
[BlackClock "0:00:03"]

1. Nf3 d5 2. g3 c6 3. Bg2 Nf6 4. O-O Bf5 5. d3 e6 6. c4 Bc5 7. Nc3 O-O 8. Na4 Be7 9. Qb3 b6 10. Bf4 Na6 11. cxd5 exd5 12. Rac1 Rc8 13. Nd4 Bd7 14. e4 Nc5 15. Nxc5 bxc5 16. Ne2 c4 17. dxc4 dxe4 18. Rfd1 Qb6 19. Nc3 Bg4 20. Rd2 Rfe8 21. Be3 Qa5 22. a3 Bc5 23. Bxc5 Qxc5 24. Na4 Qe5 25. Qe3 c5 26. Nc3 Qf5 27. Nd5 Bf3 28. Nxf6+ Qxf6 29. Re1 Bxg2 30. Kxg2 h5 31. h4 Qf5 32. b4 Qg4 33. b5 Qf5 34. Rd5 Qf3+ 35. Kg1 Qxe3 36. Rxe3 g6 37. a4 f5 38. a5 Red8 39. Rxd8+ Rxd8 40. Rb3 Kf7 41. Kf1 Ke6 42. Ke2 Ke5 43. b6 axb6 44. axb6 Rb8 45. Ke3 Kd6 46. Kf4 Kc6 47. Kg5 Kb7 48. Kxg6 Rd8 49. Kxf5 Rd3 50. Rb2 e3 51. fxe3 Rxe3 52. Kf4 Rc3 53. Kg5 Rxg3+ 54. Kxh5 Rc3 55. Kg5 Rxc4 56. h5 Rc1 57. h6 Rh1 58. Kg6 c4 59. h7 Rh3 60. Kg7 Rg3+ 61. Kf7 Rf3+ 62. Kg7 Rg3+ 63. Kh8 c3 64. Rb4 Rh3 65. Rg4 c2 66. Rc4 Rh2 67. Kg7 Rg2+ 68. Kf6 Rf2+ 69. Kg5 Rg2+ 70. Kh6 Rh2+ 71. Kg6 Rg2+ 72. Kf7 Rf2+ 73. Kg7 Rg2+ 74. Kh8 Rh2 75. Rc3 Kxb6 76. Kg7 Kb5 77. Rxc2 Rxc2 78. h8=Q Rc4 79. Kf6 Kb4 80. Ke5 Kb3 81. Qf8 Rc3 82. Qf7+ Kb2 83. Kd4 Rc2 84. Qf6 Kc1 85. Kd3 Rd2+ 86. Ke3 Rc2 87. Qf5 Kb2 88. Qf1 Kb3 89. Qb5+ Kc3 90. Qc5+ Kb2 91. Qb4+ Kc1 92. Kd3 Rb2 93. Qc3+ Kb1 94. Qe1+ Ka2 95. Qa5+ Kb1 96. Qa4 Ra2 97. Qb3+ Ka1 98. Kc3 Rc2+ 99. Kd3 Ra2 100. Qd1+ Kb2 101. Qc2+ Ka1 102. Qc3+ Rb2 103. Kc4 Kb1 104. Qd3+ Ka1 105. Kc3 Rb3+ 106. Kxb3 1/2-1/2


[Site "https://www.chess.com"]